 Dungeon Crawl Stone Soup version 0.22-a0-307-g2b15929 (webtiles) character file.

32 Amnesiac the Gusty (level 3, -1/24 HPs)
             Began as a Barachi Air Elementalist on Apr 1, 2018.
             Slain by an adder (3 damage)
             ... on level 3 of the Dungeon.
             The game lasted 00:01:44 (1163 turns).

Amnesiac the Gusty (Barachi Air Elementalist)       Turns: 1163, Time: 00:01:45

Health: -1/24      AC:  2    Str:  9    XL:     3   Next: 25%
Magic:  3/7        EV: 12    Int: 16    God:
Gold:   88         SH:  0    Dex: 12    Spells: 4/7 levels left

rFire    . . .     SeeInvis .   (no weapon)
rCold    . . .     Gourm    .   (no shield)
rNeg     . . .     Faith    .   a - +0 robe
rPois    .         Spirit   .   (no helmet)
rElec    .         Reflect  .   (no cloak)
rCorr    .         Harm     .   (no gloves)
MR       .....                  (no boots)
Stlth    ++........             (no amulet)
HPRegen  0.08/turn              (no ring)
MPRegen  0.10/turn              (no ring)

@: swift, can't hop, quick
A: +LOS, swims, slowness 1, strong legs 1
a: Hop


You were on level 3 of the Dungeon.
You were not hungry.

You visited 1 branch of the dungeon, and saw 3 of its levels.

You collected 88 gold pieces.

Inventory:

Armour
 a - a +0 robe (worn)
Scrolls
 e - a scroll of remove curse {!r, unknown}
 f - a scroll of teleportation {!r, unknown}
 h - a scroll of enchant armour {!r, unknown}
Potions
 b - a potion of agility {!q, unknown}
 d - 4 potions of flight {!q, unknown}
 g - a potion of ambrosia {!q, unknown}
 j - a potion of cancellation {!q, unknown}
Comestibles
 c - 3 rations
 i - 3 chunks of flesh


   Skills:
 - Level 2.1 Dodging
 - Level 1.7 Stealth
 + Level 2.7 Spellcasting
 - Level 1.1 Conjurations
 * Level 4.3 Air Magic


You had 4 spell levels left.
You knew the following spells:

 Your Spells              Type           Power        Failure   Level  Hunger
a - Shock                 Conj/Air       ##..         6%          1    #......
z - Swiftness             Chrm/Air       #.......     12%         2    ##.....


Dungeon Overview and Level Annotations

Branches:
Dungeon (3/15)

Altars:

Annotations:
D:2 Sigmund


Innate Abilities, Weirdness & Mutations

Shadows flee at your approach. (+LOS)
You can swim through water.
You cover ground slowly.
You can hop short distances.


Message History

A giant cockroach comes into view.
Found 21 sling bullets.
Found a stone staircase leading down.
The bat barely misses you. The bat hits you but does no damage.
The bat barely misses you. The bat hits you but does no damage.
The giant cockroach barely misses you. The giant cockroach barely misses you.
The bat hits you but does no damage. The bat barely misses you.
The giant cockroach bites you but does no damage.
The giant cockroach barely misses you. The bat closely misses you.
The bat hits you but does no damage.
Sigmund the Dreaded comes into view.
He is wielding a scythe.
The giant cockroach bites you but does no damage.
The adder misses you.
There is a stone staircase leading down here.
The bat barely misses you. The giant cockroach bites you. The adder bites you.
You climb downwards.
An iguana and 2 hobgoblins come into view.
Found a dagger.
Found a stone staircase leading down.
There is a stone staircase leading up here.
The hobgoblin shouts! x2
The bat barely misses you. The iguana closely misses you.
You hear an angry hiss.
The bat hits you but does no damage. The bat barely misses you.
The iguana bites you.
* * * LOW HITPOINT WARNING * * *
The hobgoblin hits you with a club.
* * * LOW HITPOINT WARNING * * *
The bat barely misses you.
The hobgoblin hits you but does no damage.
Found a sedimented golden potion.
A frilled lizard comes into view.
The frilled lizard hisses angrily.
The adder bites you but does no damage. The iguana misses you.
Okay, then.
Casting: Shock (safe; 6% risk of failure)
Confirm with . or Enter, or press ? or * to list all spells.
You feel quick. The adder barely misses you. The iguana barely misses you.
Okay, then.
Casting: Swiftness (safe; 12% risk of failure)
Confirm with . or Enter, or press ? or * to list all spells.
You don't know that spell.
Casting: Swiftness (safe; 12% risk of failure)
Confirm with . or Enter, or press ? or * to list all spells.
Aiming: Shock (safe; 6% risk of failure)
Press: ? - help, Shift-Dir - straight line That beam is likely to hit you.
Continue anyway?
The zap misses the adder. x2; The zap hits you!
* * * LOW HITPOINT WARNING * * *
The zap hits the iguana.
The iguana appears unharmed.
The adder bites you.
* * * LOW HITPOINT WARNING * * *
The iguana barely misses you. The frilled lizard bites you.
* * * LOW HITPOINT WARNING * * *
Casting: Shock (safe; 6% risk of failure)
Confirm with . or Enter, or press ? or * to list all spells.
Aiming: Shock (safe; 6% risk of failure)
Press: ? - help, Shift-Dir - straight line That beam is likely to hit you.
Continue anyway?
The zap misses the adder.
The zap hits the adder.
The adder is heavily wounded.
The zap misses you.
The zap hits the iguana.
The iguana is moderately wounded.
The adder bites you.
You die...

## ## .!.
.# #.. .#
#.. .###
##.. ...#
..# .#.#
#.# .#)##
##.##S...#
#.gl@l...#
#bs###...#
#...b<.>.#
#.##s....#
#. #g#.###
#. ....#
####.###
#.# #.#


You could see an iguana, an adder, a giant cockroach, a hobgoblin, a bat and a
frilled lizard.

Vanquished Creatures
  2 dart slugs (D:1)
  2 giant cockroaches (D:1)
  2 goblins (D:1)
  2 hobgoblins (D:1)
  4 jackals (D:1)
  5 kobolds (D:1)
  3 bats (D:1)
  A frilled lizard (D:1)
  4 rats (D:1)
25 creatures vanquished.

Notes
Turn   | Place    | Note
-------+----------+-------------------------------------------
     0 | D:1      | Amnesiac the Barachi Air Elementalist began the quest for the Orb.
     0 | D:1      | Reached XP level 1. HP: 13/13 MP: 3/3
   279 | D:1      | Reached XP level 2. HP: 19/19 MP: 0/5
   452 | D:1      | Reached skill level 4 in Air Magic
   815 | D:1      | Reached XP level 3. HP: 24/24 MP: 4/6
   848 | D:1      | Learned a level 2 spell: Swiftness
  1153 | D:2      | Noticed Sigmund
  1163 | D:3      | Slain by an adder

Vault maps used:
D:1:      scummos_arrival_checkerplants
D:2:      overflow_temple_1_default, elyvilon_altar_3, uniq_sigmund
D:3:      first_ration, uniq_robin

Skill      XL: |  1  2 |
---------------+-------+-----
Air Magic      | 4 |  4.3
Dodging        | |  2.1
Stealth        | |  1.7
Spellcasting   | |  2.7
Conjurations   | |  1.1

Action                   || total
-------------------------++-------
Melee: Unarmed           ||    17
 Cast: Shock             ||    52
       Swiftness         ||     1
 Abil: Hop               ||     1
  Eat: Chunk             ||     2
Armor: Robe              ||    13
Dodge: Dodged            ||    43

Table legend:
 A = Spawn XP
 B = Non-spawn XP
 C = Spawn XP percentage of total XP
 D = Spawn monster count
 E = Non-spawn monster count
 F = Spawn count percentage of total count
 G = Total turns spent on level
                    A         B        C        D         E        F      G
               +---------+---------+-------+---------+---------+-------+---------
         Total |       0 |      46 |   0.0 |       0 |      25 |   0.0 |  1163
               +---------+---------+-------+---------+---------+-------+---------
           D:1 |       0 |      46 |   0.0 |       0 |      25 |   0.0 |  1143
               +---------+---------+-------+---------+---------+-------+---------
